 Dungeon Crawl Stone Soup version 0.21-a0-476-gd103f4b (webtiles) character file.

22 esteth the Magician (level 2, -2/17 HPs)
             Began as an Octopode Wizard on Nov 22, 2017.
             Slain by Sigmund
             ... wielding a +0 scythe
              (7 damage)
             ... on level 2 of the Dungeon.
             The game lasted 00:02:17 (1529 turns).

esteth the Magician (Octopode Wizard)               Turns: 1529, Time: 00:02:18

Health: -2/17      AC:  1    Str:  6    XL:     2   Next: 91%
Magic:  4/6        EV: 13    Int: 20    God:
Gold:   17         SH:  0    Dex: 10    Spells: 4/7 levels left

rFire    . . .     SeeInvis .   (no weapon)
rCold    . . .     Gourm    .   (no shield)
rNeg     . . .     Faith    .   a - +0 hat
rPois    .         Spirit   .   (no amulet)
rElec    .         Reflect  .   (no ring)
rCorr    .         Harm     .   (no ring)
MR       .....                  (no ring)
Stlth    +++.......             (no ring)
HPRegen  0.05/turn              (no ring)
MPRegen  0.10/turn              (no ring)
                                (no ring)
                                (no ring)

@: no status effects
A: almost no armour, stealthy swim, amphibious, 8 rings, constrict 8, camouflage
1, gelatinous body 1
a: no special abilities


You were on level 2 of the Dungeon.
You were not hungry.

You visited 1 branch of the dungeon, and saw 2 of its levels.

You collected 17 gold pieces.

Inventory:

Armour
 a - a +0 hat (worn)
Scrolls
 d - a scroll of enchant weapon {unknown}
Potions
 e - a potion of curing {unknown}
Books
 b - a book of Minor Magic

   Spells                             Type                      Level
   a - Magic Dart                     Conjuration                  1
   b - Blink                          Translocation                2
   c - Call Imp                       Summoning                    2
   d - Slow                           Hexes                        2
   e - Conjure Flame                  Conjuration/Fire             3
   f - Mephitic Cloud                 Conjuration/Poison/Air       3
Comestibles
 c - 2 bread rations
 f - 2 chunks of flesh
 g - a meat ration


   Skills:
 - Level 2.0 Dodging
 - Level 2.6 Stealth
 - Level 3.0 Spellcasting
 + Level 2.7 Conjurations
 - Level 1.0 Summonings
   Level 1.0 Translocations


You had 4 spell levels left.
You knew the following spells:

 Your Spells              Type           Power        Failure   Level  Hunger
a - Magic Dart            Conj           ##..         4%          1    None
b - Call Imp              Summ           #.......     14%         2    ##.....


Dungeon Overview and Level Annotations

Branches:
Dungeon (2/15)

Altars:

Annotations:
D:2 Sigmund


Innate Abilities, Weirdness & Mutations

You cannot wear most types of armour.
You are very stealthy in the water. (Stealth+)
You are amphibious.
You can wear up to eight rings at the same time.
You can use your tentacles to constrict eight enemies at once.
Your skin changes colour to match your surroundings (Stealth+).
Your rubbery body absorbs attacks. (AC +1, EV +1)


Message History

f - 2 chunks of flesh An ooze comes into view.
The ooze quivers.
Sigmund the Dreaded comes into view.
He is wielding a scythe.
The ooze misses you.
You barely miss Sigmund. Your grab misses Sigmund.
The ooze hits you but does no damage. Sigmund hits you with a scythe!
Ouch! That really hurt!
* * * LOW HITPOINT WARNING * * *
You are too injured to fight recklessly!
You are too injured to fight recklessly!
You are too injured to fight recklessly!
You are too injured to fight recklessly!
You are too injured to fight recklessly!
You are too injured to fight recklessly!
Casting: Magic Dart
Confirm with . or Enter, or press ? or * to list all spells.
A beastly little devil appears in a puff of flame.
Sigmund hits you from afar with a scythe!
You die...

#.#.. ..#
#.#.# #.#
#.#.# #.#####
#.#.# #.....#
####.#.#
#.###.#
.....#.#####.#
#.#
.)...........#
#.#
##############
#.# # #@# #
###J##.# #
#.@5...# #
#......# #
#......... #
#.....#### #
#.......
#######
###...###
....... ....#


You could see Sigmund, an ooze and a friendly crimson imp.

Vanquished Creatures
  A giant cockroach (D:1)
  3 goblins (D:1)
  5 hobgoblins
  2 kobolds (D:1)
  2 bats (D:1)
  3 frilled lizards (D:1)
  4 rats (D:1)
20 creatures vanquished.

Vanquished Creatures (collateral kills)
  A goblin (D:1)
1 creature vanquished.

Grand Total: 21 creatures vanquished

Notes
Turn   | Place    | Note
-------+----------+-------------------------------------------
     0 | D:1      | esteth the Octopode Wizard began the quest for the Orb.
     0 | D:1      | Reached XP level 1. HP: 11/11 MP: 4/4
   470 | D:1      | Reached XP level 2. HP: 17/17 MP: 1/6
   525 | D:1      | Learned a level 2 spell: Call Imp
  1524 | D:2      | Noticed Sigmund
  1529 | D:2      | Slain by Sigmund

Vault maps used:
D:1:      erik_arrival_triangle_medium, minmay_misc_feat_nine_boxes
D:2:      lemuel_doored_altar, uniq_sigmund

Skill      XL: |  1 |
---------------+----+-----
Conjurations   | 2 |  2.7
Dodging        | |  2.0
Stealth        | |  2.6
Spellcasting   | |  3.0
Summonings     | |  1.0
Translocations | |  1.0

Action                   || total
-------------------------++-------
Melee: Unarmed           ||    46
       Constrict         ||    12
       Tentacles         ||     7
 Cast: Magic Dart        ||    19
       Call Imp          ||     3
 Stab: Sleeping          ||     4
  Eat: Chunk             ||     2
Armor: Skin              ||     4
Dodge: Dodged            ||    30

Table legend:
 A = Spawn XP
 B = Non-spawn XP
 C = Spawn XP percentage of total XP
 D = Spawn monster count
 E = Non-spawn monster count
 F = Spawn count percentage of total count
 G = Total turns spent on level
                    A         B        C        D         E        F      G
               +---------+---------+-------+---------+---------+-------+---------
         Total |       0 |      32 |   0.0 |       0 |      21 |   0.0 |  1529
               +---------+---------+-------+---------+---------+-------+---------
           D:1 |       0 |      30 |   0.0 |       0 |      20 |   0.0 |  1486
           D:2 |       0 |       2 |   0.0 |       0 |       1 |   0.0 |    43
               +---------+---------+-------+---------+---------+-------+---------
